 Dungeon Crawl Stone Soup version 0.31-a0-1165-g196b491b36 (webtiles) character file.

Game seed: 289503711120344208

93 BigPumpCobain the Ruffian (level 4, -1/32 HPs)
             Began as a Merfolk Shapeshifter on Dec 10, 2023.
             Killed by divine providence
             ... invoked by an orc priest
              (17 damage)
             ... on level 3 of the Dungeon.
             The game lasted 00:04:27 (1934 turns).

BigPumpCobain the Ruffian (Merfolk Shapeshifter)    Turns: 1934, Time: 00:04:27

Health: -1/32      AC:  2    Str: 16    XL:     4   Next: 61%
Magic:  4/4        EV: 12    Int:  9    God:
Gold:   97         SH:  0    Dex: 13    Spells: 3/3 levels left

rFire   . .          .
                       - Unarmed
rCold   . . .        (no shield)
rNeg    . . .        a - +0 animal skin
rPois   .            (helmet currently unavailable)
rElec   .            (cloak currently unavailable)
rCorr   .            (gloves currently unavailable)
SInv    .            (boots currently unavailable)
Will    .....        (no amulet)
Stlth   +            (no ring)
HPRegen 0.25/turn    (no ring)
MPRegen 0.09/turn

%: no passive effects
@: beast-form
A: beast (slay +2), (nimble swimmer 2), mertail
a: Begin Untransformation


You were on level 3 of the Dungeon.
You were a hulking beast.
You visited 1 branch of the dungeon, and saw 5 of its levels.

You collected 97 gold pieces.

Inventory:

Armour
 a - a +0 animal skin (worn)
Jewellery
 h - a +6 ring of dexterity
Talismans
 c - a beast talisman
 d - a flux talisman
Scrolls
 e - 2 scrolls of identify
 f - a scroll of immolation
 l - a scroll of teleportation {unknown}
Potions
 b - a potion of lignification
 g - a potion of enlightenment
 i - a potion of curing {unknown}
 j - a potion of degeneration {unknown}
 k - a potion of brilliance {unknown}


   Skills:
 - Level 1.1 Fighting
 - Level 2.6 Dodging
 * Level 5.7 Unarmed Combat
 - Level 4.0 Shapeshifting


You had 3 spell levels left.
You didn't know any spells.
Your spell library was empty.

Dungeon Overview and Level Annotations

Branches:
Dungeon (5/15)
 Temple: D:4-7

Altars:

Shops:
D:1 (


Innate Abilities, Weirdness & Mutations

You are a hulking beast.
Your limbs bulge with bestial killing power. (Slay +2)
((You are very nimble when in or above water. (Stealth+, EV+, Speed+++)))
Your lower body shifts to a powerful aquatic tail in water.


Message History

You barely miss the orc. You punch the orc.
The orc is moderately wounded.
The orc hits you with a +0 club.
You hit the orc. You punch the orc, but do no damage.
The orc is moderately wounded.
The orc misses you.
You hit the orc.
You kill the orc!
The orc priest hits you with a +1 dagger of speed.
Things that are here:
a +0 club; a boomerang; a +0 ring mail You hit the orc priest.
The orc priest is moderately wounded.
The orc priest hits you with a +1 dagger of speed.
You are too injured to fight recklessly!
You are too injured to fight recklessly!
You are too injured to fight recklessly!
You are too injured to fight recklessly!
You are too injured to fight recklessly!
You are too injured to fight recklessly!
You are too injured to fight recklessly!
You are too injured to fight recklessly!
You are too injured to fight recklessly!
You are too injured to fight recklessly!
You are too injured to fight recklessly!
You are too injured to fight recklessly!
You are too injured to fight recklessly!
You are too injured to fight recklessly!
You are too injured to fight recklessly!
You are too injured to fight recklessly!
You are too injured to fight recklessly!
You are too injured to fight recklessly!
You punch the orc priest!
The orc priest is severely wounded.
An orc priest comes into view. It is wielding a +0 short sword.
You swing at nothing.
The orc priest mumbles some strange prayers to Beogh against you.
Beogh smites you!
Ouch! That really hurt!
You die...

....... .###### .......
####### # #.... .)######....
###############..........
####<.....)o...o.#......####
####..........h..(#
#..........
..........#######.#
#.......### ########..#
#######.# # ##.# #.# # #.#
#.### #.# #.#.# #.... #.###
#.#.# #..## #...# #.#.# #..#
# ####.#.# #.#.#######..#


You could see 2 orc priests.

Vanquished Creatures
  2 adders
  A worm (D:3)
  4 orcs (D:3)
  5 endoplasms
  A giant cockroach (D:1)
  5 goblins
  6 hobgoblins
  2 jackals (D:1)
  8 kobolds
  4 quokkas
  3 ball pythons
  7 bats (D:1)
  5 frilled lizards
  11 rats
64 creatures vanquished.

Notes
Turn   | Place    | Note
-------+----------+-------------------------------------------
     0 | D:1      | BigPumpCobain the Merfolk Shapeshifter began the quest for
                  | the Orb.
     0 | D:1      | Reached XP level 1. HP: 15/15 MP: 1/1
   113 | D:1      | Reached XP level 2. HP: 21/21 MP: 2/2
   128 | D:1      | Reached skill level 4 in Unarmed Combat
   314 | D:1      | Found Omaej's Weapon Emporium.
   458 | D:1      | Reached XP level 3. HP: 23/26 MP: 3/3
   766 | D:1      | Reached skill level 5 in Unarmed Combat
   953 | D:2      | Reached XP level 4. HP: 30/32 MP: 4/4
  1476 | D:2      | Found a faded altar of an unknown god.
  1582 | D:3      | You fall into a shaft and drop 2 floors!
  1582 | D:5      | Entered Level 5 of the Dungeon
  1934 | D:3      | Killed from afar by an orc priest

Illustrated notes

Levels and vault maps discovered:
D:1:      roderic_octagonal_star, layout_loops_ring, serial_shops, shop,
          lexackson_kobold_supper
D:2:      layout_loops_cross, hellmonk_ecumenical_altar_inner_sanctum
D:3:      layout_basic, jmf_multi_god_temple2, mainiacjoe_overflow_divided_tiny
D:4:      layout_basic, feat_on_display
D:5:      layout_basic, minmay_temple_entry_gardened_gates,
          chequers_serial_rivers_large_b

Skill      XL: |  1  2  3 |
---------------+----------+-----
Unarmed Combat | 4 5 |  5.7
Fighting       | |  1.1
Dodging        | |  2.6
Shapeshifting  | |  4.0

Action                     |  1- 3 |  4- 6 || total
---------------------------+-------+-------++-------
  Melee: Unarmed           |    94 |    52 ||   146
         Punch             |     4 |     4 ||     8
    Use: Scroll            |     1 |     1 ||     2
   Stab: Sleeping          |     1 |     1 ||     2
 Armour: Animal skin       |    58 |    28 ||    86
  Dodge: Dodged            |    61 |    20 ||    81

Table legend: (Time is in decaauts)
 A = Elapsed time spent in this place.
 B = Non-inter-level travel time spent in this place.
 C = Inter-level travel time spent in this place.
 D = Time resting spent in this place.
 E = Time spent auto-exploring this place.
 F = Levels seen in this place.
 G = Mean time per level.
                   A        B        C        D        E       F      G
               +--------+--------+--------+--------+--------+-----+--------+
         Total |   1917 |   1856 |     61 |     57 |   1420 |   5 |  383.4 |
       Dungeon |   1917 |   1856 |     61 |     57 |   1420 |   5 |  383.4 |
               +--------+--------+--------+--------+--------+-----+--------+

Top non-repeatable levels by time:
     D:1: 833 daAuts
     D:2: 706 daAuts
     D:3: 218 daAuts
     D:5: 90 daAuts
     D:4: 68 daAuts
